 Dungeon Crawl Stone Soup version 0.29-a0-330-g52719c12eb (webtiles) character file.

Game seed: 3821472625750344174

151 Anon1729 the Skirmisher (level 5, -14/41 HPs)
             Began as a Mummy Monk on May 15, 2022.
             Killed from afar by a goblin (30 damage)
             ... with a bolt of acid
             ... on level 3 of the Dungeon.
             The game lasted 00:04:59 (4569 turns).

Anon1729 the Skirmisher (Mummy Monk)                Turns: 4569, Time: 00:04:59

Health: -14/41     AC:  1    Str: 14    XL:     5   Next: 11%
Magic:  9/9        EV: 12    Int: 11    God:
Gold:   106        SH:  0    Dex: 15    Spells: 9/9 levels left

rFire   . . .      SeeInvis .   a - +0 short sword
rCold   + . .      Faith    .   (no shield)
rNeg    + + +      Spirit   .   j - +2 leather armour of Gozag {rC+}
rPois   ∞          Reflect  .   (no helmet)
rElec   .          Harm     .   (no cloak)
rCorr   .          Rampage  .   (no gloves)
Will    .....                   (no boots)
Stlth   ++........              (no amulet)
HPRegen 0.13/turn               h - ring of fire
MPRegen 0.11/turn               (no ring)

@: corroded
A: cold resistance 1, negative energy resistance 3, torment resistance 2, heat
vulnerability 1, in touch with death 1, no potions
a: no special abilities


You were on level 3 of the Dungeon.
You visited 1 branch of the dungeon, and saw 3 of its levels.

You collected 106 gold pieces.

Inventory:

Hand Weapons
 a - a +0 short sword (weapon)
Missiles
 f - an atropa-tipped dart (quivered)
Armour
 b - a +0 robe
 i - a +1 leather armour of cold resistance
 j - the +2 leather armour of Gozag (worn) {rC+}
   (You found it on level 3 of the Dungeon)

   rC:        It protects you from cold.
Jewellery
 h - a ring of fire (left hand)
Scrolls
 c - a scroll of enchant armour
 e - 2 scrolls of identify
 g - a scroll of fog


   Skills:
 + Level 3.6 Fighting
 + Level 3.0 Short Blades
 + Level 3.0 Dodging
 + Level 2.4 Stealth
 * Level 2.8 Spellcasting


You had 9 spell levels left.
You didn't know any spells.
Your spell library was empty.

Dungeon Overview and Level Annotations

Branches:
Dungeon (3/15)

Altars:

Shops:
D:2 (

Annotations:
D:2 Terence


Innate Abilities, Weirdness & Mutations

You are immune to poison.
Your flesh is cold resistant. (rC+)
You are immune to negative energy. (rN+++)
You are immune to unholy pain and torment.
You are vulnerable to heat. (rF-)
You are in touch with the powers of death.
You do not drink.


Message History

A goblin comes into view.
It is wielding a +0 dagger and carrying a wand of acid (7).
A goblin is nearby!
You aren't carrying any items that you can evoke.
Throw: 4 darts (atropa)
Press: ? - help, Q - select action Shift-Dir - straight line, f - goblin
Aim: a goblin, wielding a +0 dagger and carrying a wand of acid (7) (wandering, hasn't noticed you, 51% to hit, chance to blind on hit: 100%)
You throw an atropa-tipped dart.
The atropa-tipped dart barely misses the goblin.
Unknown command.
Throw: 3 darts (atropa)
Press: ? - help, Q - select action Shift-Dir - straight line, f/p - goblin
Aim: a goblin, wielding a +0 dagger and carrying a wand of acid (7) (51% to hit, chance to blind on hit: 100%)
You throw an atropa-tipped dart.
The atropa-tipped dart closely misses the goblin.
Throw: 2 darts (atropa)
Press: ? - help, Q - select action Shift-Dir - straight line, f/p - goblin
Aim: a goblin, wielding a +0 dagger and carrying a wand of acid (7) (51% to hit, chance to blind on hit: 100%)
You throw an atropa-tipped dart. The atropa-tipped dart hits the goblin.
The goblin appears confused.
The goblin seems less confused.
The goblin zaps a wand.
The bolt of acid hits you!!
Ouch! That really hurt!
The acid corrodes you!
You are too injured to fight recklessly!
The goblin is no longer blind.
You barely miss the goblin. The goblin hits you but does no damage.
You hit the goblin.
The goblin is severely wounded.
The goblin barely misses you.
You hit the goblin but do no damage.
The goblin is severely wounded.
The goblin completely misses you.
You barely miss the goblin.
The goblin is severely wounded.
The goblin hits you with a +0 dagger.
You closely miss the goblin.
The goblin is heavily wounded.
The goblin zaps a wand.
The bolt of acid hits you!!
Ouch! That really hurt!
You die...

.....#
##.#####.#...
.###.#
#.).......##.
..##+##
#............
.......
#....?>...#
.......
#.....++#.#
.......
##.....#
.......
###......#
.......
.........#
#######
###....@g#
#.)<#
##.......#
.)###
##....#.# ##
##..(#.#
##..# # ##..
#.. ...


You could see a goblin.

Vanquished Creatures
  Natasha (twice) (D:2)
  5 gnolls
  An adder (D:3)
  3 dart slugs (D:1)
  An orc (D:3)
  5 ball pythons
  2 endoplasms (D:1)
  A giant cockroach (D:3)
  5 goblins
  4 hobgoblins
  A kobold (D:3)
  A quokka (D:2)
  3 frilled lizards
  8 rats
42 creatures vanquished.

Notes
Turn   | Place    | Note
-------+----------+-------------------------------------------
     0 | D:1      | Anon1729 the Mummy Monk began the quest for the Orb.
     0 | D:1      | Reached XP level 1. HP: 18/18 MP: 1/1
   389 | D:1      | Reached XP level 2. HP: 24/24 MP: 2/2
  1081 | D:1      | Found a faded altar of an unknown god.
  1220 | D:2      | Noticed Natasha
  1224 | D:2      | Noticed a crimson imp
  1231 | D:2      | Killed Natasha
  1232 | D:2      | Reached skill level 1 in Spellcasting
  1232 | D:2      | Gained mutation: You are in touch with the powers of death.
                  | [Mummy growth]
  1232 | D:2      | Reached XP level 3. HP: 7/29 MP: 3/5
  1517 | D:2      | Noticed Natasha
  1529 | D:2      | HP: 1/29 [Natasha/magic dart (9)]
  1970 | D:2      | Found Fegemuj's Weapon Emporium.
  2632 | D:2      | Killed Natasha
  2633 | D:2      | Reached XP level 4. HP: 19/35 MP: 5/7
  3527 | D:3      | Noticed Terence
  3703 | D:2      | HP: 1/36 [Terence/+2 hand axe of pain (3)]
  4250 | D:3      | Reached XP level 5. HP: 37/41 MP: 7/9
  4337 | D:3      | Identified the +2 leather armour of Gozag {rC+}
  4569 | D:3      | Killed from afar by a goblin

Illustrated notes

Levels and vault maps discovered:
D:1:      heliophobic_arrival_henge, layout_basic,
          dilly_ecumenical_altar_fadedgnrine, minmay_cupped
D:2:      layout_loops_ring, serial_shops, shop, wad_floor_pattern_untrapped,
          st_stairs_3, uniq_natasha
D:3:      layout_basic, nemelex_spade_bored_becter, tgw_trog,
          gammafunk_ghost_abyssal_escape, portal_sewer_entry_b,
          minmay_distorted, uniq_terence, uniq_grinder

Skill      XL: |  1  2  3  4 |
---------------+-------------+-----
Stealth        | 2 |  2.4
Spellcasting   | 1 2 |  2.8
Dodging        | 3 |  3.0
Short Blades   | 3 |  3.0
Fighting       | |  3.6

Action                   |  1- 3 |  4- 6 || total
-------------------------+-------+-------++-------
Melee: Short sword       |   107 |   105 ||   212
       Punch             |     1 |       ||     1
Throw: Dart              |       |     3 ||     3
  Use: Scroll            |     1 |     3 ||     4
 Stab: Sleeping          |     4 |       ||     4
Armor: Robe              |     7 |       ||     7
       Ring mail         |    12 |       ||    12
       Leather armour    |     2 |    16 ||    18
Dodge: Dodged            |    48 |    70 ||   118

Table legend: (Time is in decaauts)
 A = Elapsed time spent in this place.
 B = Non-inter-level travel time spent in this place.
 C = Inter-level travel time spent in this place.
 D = Time resting spent in this place.
 E = Time spent auto-exploring this place.
 F = Levels seen in this place.
 G = Mean time per level.
                   A        B        C        D        E       F      G
               +--------+--------+--------+--------+--------+-----+--------+
         Total |   4587 |   4416 |    171 |   2480 |   1436 |   3 | 1529.0 |
       Dungeon |   4587 |   4416 |    171 |   2480 |   1436 |   3 | 1529.0 |
               +--------+--------+--------+--------+--------+-----+--------+

Top non-repeatable levels by time:
     D:2: 2431 daAuts
     D:1: 1526 daAuts
     D:3: 629 daAuts
